Map: Deathaura LE

Players

BratOK (Brat_OK)

  • Race: Terran Terran
  • League: Master
  • Spawn Location: 5:00

goblin - Winner!

  • Race: Protoss Protoss
  • League: Grandmaster
  • Spawn Location: 11:00

Event: DreamHack SC2 Masters 2020 Fall

VOD

Have the link to the VOD?

Description

Time

  • Played on: Sept. 3, 2020, 12:32 p.m.
  • Length: 10:22

All games in this series

Show
View Real Time Build Order
Export as new Build Order

BratOK Terran 

Build Orders: Reaper Expand 

Get SALT Encoding   

  12  0:00  SCV  
  13  0:12  SCV  
  14  0:16  Supply Depot  
  14  0:24  SCV  
  15  0:38  SCV  
  15  0:39  Barracks  
  16  0:43  Refinery  
  16  0:50  SCV  
  17  1:02  SCV  
  18  1:14  SCV  
  19  1:26  Orbital Command, Reaper  
  20  1:47  Command Center  
  20  1:52  SCV, Supply Depot  
  21  1:58  Barracks Reactor  
  21  2:04  SCV  
  21  2:07  Barracks  
  22  2:16  SCV  
  22  2:18  Bunker  
  22  2:22  Refinery  
  23  2:28  SCV  
  24  2:33  Factory  
  24  2:36  Marine x2  
  26  2:40  SCV  
  27  2:53  SCV  
  27  2:55  Barracks Tech Lab, Marine x2  
  30  3:03  Orbital Command  
  29  3:06  SCV  
  30  3:14  Stimpack  
  30  3:15  Marine x2  
  32  3:21  Starport  
  32  3:25  Widow Mine  
  34  3:27  SCV  
  34  3:30  SCV  
  36  3:36  Supply Depot  
  36  3:37  Marine  
  36  3:38  Marine  
  36  3:39  Marine  
  39  3:42  SCV  
  39  3:44  SCV  
  39  3:46  Factory Tech Lab  
  41  3:54  SCV  
  42  4:00  SCV  
  43  4:03  Supply Depot  
  43  4:06  SCV  
  43  4:08  Barracks  
  44  4:12  Raven  
  44  4:15  Factory Reactor  
  44  4:16  SCV  
  44  4:17  Marine x3  
  47  4:20  Refinery  
  47  4:22  SCV  
  50  4:24  Supply Depot  
  50  4:34  Marine  
  50  4:35  Marine  
  52  4:43  SCV  
  54  4:47  Supply Depot  
  54  4:51  Marauder  
  54  4:52  Marine x2  
  57  5:03  Combat Shield  
  57  5:05  Medivac x2  
  57  5:06  SCV  
  62  5:09  Supply Depot  
  62  5:10  Marine x2  
  64  5:15  Engineering Bay, Marauder x2  
  64  5:16  SCV  
  64  5:18  SCV  
  70  5:21  Command Center  
  70  5:28  SCV  
  71  5:30  Marine  
  71  5:33  Supply Depot  
  71  5:36  Marauder  
  71  5:39  SCV  
  74  5:42  Terran Infantry Weapons Level 1  
  74  5:43  Refinery  
  74  5:47  SCV  
  74  5:49  Missile Turret  
  75  5:51  Missile Turret  
  75  5:54  SCV  
  75  5:56  Marauder, Marine  
  78  5:57  Marauder  
  78  6:01  SCV  
  78  6:03  Medivac x2  
  85  6:07  SCV  
  86  6:14  Factory Tech Lab  
  86  6:16  Marine  
  86  6:18  SCV, Marauder  
  90  6:19  Marauder  
  92  6:27  SCV  
  92  6:30  Marine  
  92  6:31  SCV  
  89  6:39  SCV  
  88  6:41  Orbital Command  
  88  6:43  SCV  
  89  6:48  Concussive Shells  
  89  6:49  Marauder x2  
  89  6:51  SCV  
  89  6:53  Medivac  
  96  6:55  SCV  
  95  7:04  Marine  
  91  7:11  Marauder x2  
  91  7:12  SCV x2  
  89  7:19  SCV  
  88  7:23  Siege Tank  
  88  7:24  Orbital Command  
  91  7:32  Missile Turret, Marauder  
  91  7:37  Terran Infantry Armor Level 1  
  93  7:40  Viking x2  
  97  7:45  Barracks  
  97  7:46  Barracks  
  97  7:47  SCV  
  97  7:48  SCV  
  99  7:56  Supply Depot x2  
  99  7:57  Marauder  
  101  7:59  Siege Tank  
  101  8:04  SCV x2  
  106  8:06  SCV  
  106  8:10  Viking  
  109  8:14  Marine x2  
  109  8:16  SCV  
  109  8:17  Viking  
  109  8:18  Marauder, SCV  
  114  8:26  Marauder, Supply Depot  
  116  8:28  Supply Depot  
  116  8:29  SCV x2  
  116  8:31  Siege Tank  
  121  8:34  Barracks Tech Lab, Barracks Reactor  
  121  8:40  Viking  
  121  8:41  Marauder  
  125  8:45  Marine  
  125  8:46  Marine  
  124  8:49  Supply Depot  
  124  8:50  Supply Depot  
  124  8:55  SCV x2  
  126  8:58  Missile Turret  
  126  9:00  Viking  
  126  9:02  Marauder x2  
  132  9:05  SCV  
  132  9:07  SCV  
  132  9:09  SCV  
  135  9:11  Siege Tank  
  138  9:18  Supply Depot  
  138  9:19  Supply Depot  
  138  9:20  Marauder, Marine  
  143  9:26  Marine x4  
  145  9:35  Marauder  
  145  9:38  Marine  
  147  9:42  Marauder  
  150  9:47  Marauder, Marine x2  
  150  9:52  Supply Depot  
  153  9:53  Supply Depot  
  153  9:55  Marine  
  153  9:56  Marauder, Marine  
Show
View Real Time Build Order
Export as new Build Order

goblin Protoss - Winner!

Build Orders: 1 Gate Expand, Phoenix Opening, Colossus Rush 

Get SALT Encoding   

  12  0:00  Probe  
  13  0:12  Probe  
  14  0:17  Pylon  
  14  0:24  Probe  
  15  0:36  Probe (Chrono Boost)  
  15  0:38  Gateway  
  16  0:45  Probe (Chrono Boost)  
  16  0:46  Assimilator  
  17  0:50  Probe (Chrono Boost)  
  18  1:03  Probe  
  19  1:20  Nexus  
  19  1:23  Probe  
  20  1:33  Cybernetics Core  
  20  1:37  Probe  
  21  1:42  Assimilator  
  21  1:49  Pylon  
  21  1:51  Probe (Chrono Boost)  
  21  2:03  Probe (Chrono Boost)  
  21  2:06  Adept (Chrono Boost)  
  22  2:11  Probe (Chrono Boost)  
  25  2:17  Stargate, Probe  
  26  2:28  Warp Gate  
  26  2:29  Adept  
  28  2:32  Probe (Chrono Boost)  
  30  2:38  Probe (Chrono Boost)  
  30  2:42  Probe (Chrono Boost)  
  31  2:45  Probe (Chrono Boost)  
  31  2:47  Probe  
  33  2:56  Probe  
  34  2:59  Probe  
  34  3:02  Phoenix  
  37  3:06  Pylon  
  37  3:07  Adept  
  37  3:12  Probe x2 (Chrono Boost)  
  41  3:22  Probe (Chrono Boost)  
  41  3:24  Probe (Chrono Boost)  
  43  3:27  Phoenix  
  43  3:28  Shield Battery, Probe (Chrono Boost)  
  47  3:35  Probe (Chrono Boost)  
  47  3:39  Assimilator  
  47  3:40  Probe (Chrono Boost)  
  48  3:41  Assimilator  
  48  3:44  Robotics Facility  
  48  3:48  Pylon  
  49  3:49  Probe (Chrono Boost)  
  49  3:50  Probe (Chrono Boost)  
  50  3:55  Probe  
  50  3:57  Phoenix, Probe  
  54  4:04  Pylon  
  54  4:08  Probe  
  54  4:09  Probe  
  56  4:20  Probe  
  56  4:21  Probe  
  56  4:22  Phoenix  
  60  4:26  Pylon  
  60  4:32  Probe  
  60  4:35  Probe  
  62  4:40  Observer (Chrono Boost)  
  62  4:41  Stalker  
  62  4:42  Robotics Bay  
  62  4:44  Probe  
  66  4:48  Gateway, Probe  
  66  4:50  Phoenix  
  66  4:52  Gateway  
  69  4:56  Probe  
  70  5:02  Observer (Chrono Boost)  
  71  5:08  Gateway  
  71  5:10  Gateway  
  71  5:12  Pylon  
  71  5:20  Pylon  
  75  5:25  Phoenix, Observer  
  75  5:26  Pylon, Colossus (Chrono Boost)  
  77  5:31  Extended Thermal Lance  
  79  5:40  Sentry  
  81  5:56  Nexus  
  81  5:58  Pylon  
  81  6:02  Probe x2  
  83  6:07  Colossus (Chrono Boost)  
  89  6:14  Probe  
  89  6:16  Probe  
  91  6:19  Shield Battery  
  91  6:21  Pylon  
  91  6:26  Probe  
  91  6:31  Phoenix  
  94  6:40  Zealot x3  
  94  6:41  Zealot x2  
  94  6:44  Pylon  
  94  6:45  Colossus (Chrono Boost)  
  107  7:07  Zealot x5  
  105  7:12  Phoenix  
  107  7:15  Probe x2  
  107  7:16  Probe  
  110  7:27  Probe  
  110  7:28  Probe x2  
  119  7:37  Assimilator x2  
  119  7:38  Observer  
  119  7:40  Forge  
  119  7:41  Disruptor (Chrono Boost), Phoenix  
  119  7:42  Twilight Council, Pylon  
  119  7:44  Pylon  
  118  7:54  Forge, Probe  
  118  7:58  Pylon  
  119  8:02  Probe x2  
  119  8:05  Protoss Air Weapons Level 1  
  121  8:07  Disruptor (Chrono Boost)  
  121  8:11  Charge  
  123  8:13  Pylon  
  123  8:16  Nexus  
  123  8:18  Phoenix  
  125  8:24  Protoss Ground Armor Level 1 (Chrono Boost)  
  125  8:26  Dark Shrine  
  125  8:33  Stalker x2  
  129  8:34  Sentry  
  129  8:35  Zealot  
  129  8:36  Observer  
  129  8:38  Pylon  
  129  8:39  Probe x2  
  136  8:55  Zealot x2  
  140  8:59  Disruptor (Chrono Boost), Gateway  
  140  9:00  Gateway  
  140  9:02  Gateway  
  140  9:04  Pylon  
  140  9:05  Observer  
  140  9:06  Gateway  
  143  9:14  Phoenix  
  145  9:18  Assimilator  
  145  9:22  Assimilator  
  145  9:23  Photon Cannon  
  145  9:24  Shield Battery  
  145  9:28  Warp Prism (Chrono Boost)  
  145  9:30  Pylon  
  146  9:40  Zealot, Stalker x3  
  154  9:50  Shield Battery  
  154  9:52  Zealot  
  154  9:56  Zealot x2  
  141  10:12  Zealot x4  
  141  10:13  Zealot x3  

Tags
 
Add a new tag
Caveats
  • Supply blocks, unpowered buildings, or Contaminate may cause inaccurate times.
  • Supply counts are checked every 10 seconds.